 Dungeon Crawl Stone Soup version 0.24.0-123-gd5b16e6ec5 (webtiles) character file.

Game seed: 10287931183208635443, levelgen mode: deterministic

51 Bergy the Cudgeler (level 3, -1/23 HPs)
             Began as a Gargoyle Fighter on Dec 25, 2019.
             Slain by a worm (3 damage)
             ... on level 2 of the Dungeon.
             The game lasted 00:03:00 (1187 turns).

Bergy the Cudgeler (Gargoyle Fighter)               Turns: 1187, Time: 00:03:00

Health: -1/23      AC: 10    Str: 20    XL:     3   Next: 83%
Magic:  3/3        EV:  7    Int:  8    God:
Gold:   17         SH:  9    Dex:  9    Spells: 2/2 levels left

rFire    . . .     SeeInvis .   a - +0 flail
rCold    . . .     Gourm    .   c - +0 shield
rNeg     + . .     Faith    .   b - +0 scale mail
rPois    ∞         Spirit   .   (no helmet)
rElec    +         Reflect  .   (no cloak)
rCorr    .         Harm     .   (no gloves)
MR       .....                  (no boots)
Stlth    ..........             (no amulet)
HPRegen  0.07/turn              (no ring)
MPRegen  0.08/turn              (no ring)

@: no status effects
A: negative energy resistance 1, electricity resistance, unbreathing,
petrification resistance, rot immunity, AC +3
a: no special abilities


You were on level 2 of the Dungeon.
You were not hungry.

You visited 1 branch of the dungeon, and saw 2 of its levels.

You collected 17 gold pieces.

Inventory:

Hand Weapons
 a - a +0 flail (weapon)
Armour
 b - a +0 scale mail (worn)
 c - a +0 shield (worn)
Scrolls
 g - a scroll of random uselessness {unknown}
 i - 2 scrolls of identify {unknown}
 j - a scroll of enchant weapon {unknown}
 k - a scroll of enchant armour {unknown}
 l - a scroll of immolation {unknown}
 p - a scroll of teleportation {unknown}
Potions
 d - a potion of might
 e - 4 potions of lignification {unknown}
 h - a potion of invisibility {unknown}
 m - a potion of magic {unknown}
 n - a potion of curing {unknown}
 q - a potion of heal wounds {unknown}
Comestibles
 f - 3 rations
 o - 3 chunks of flesh


   Skills:
 - Level 3.2 Fighting
 * Level 4.0 Maces & Flails
 - Level 3.2 Armour
 - Level 3.2 Shields


You had 2 spell levels left.
You didn't know any spells.
Your spell library was empty.

Dungeon Overview and Level Annotations

Branches:
Dungeon (2/15)

Altars:
Nemelex Xobeh
Xom


Innate Abilities, Weirdness & Mutations

You are resistant to torment.
Your stone body is resilient. (AC +3)
You are immune to poison.
You resist negative energy. (rN+)
You are resistant to electric shocks. (rElec)
You can survive without breathing.
You are immune to petrification.
You are immune to rotting.


Message History

The adder is lightly wounded.
The adder bites you but does no damage. The worm bites you but does no damage.
The adder bites you but does no damage.
You hit the adder.
The adder is heavily wounded.
The adder bites you but does no damage. You block the worm's attack.
You barely miss the adder.
The adder is moderately wounded.
The adder closely misses you. The adder bites you but does no damage.
You block the worm's attack.
You barely miss the adder.
The adder is moderately wounded.
The adder bites you but does no damage. The adder bites you.
* * * LOW HITPOINT WARNING * * *
You closely miss the adder.
The adder is moderately wounded.
The adder bites you.
* * * LOW HITPOINT WARNING * * *
The worm bites you.
You die...

.####.####...#.#.#
............#...##
#####.####.##...## #.#
#.#.....## #.#
##........##
#.##...........#
#####.#...........##.#
..(.#...#........S...#
###.###.....#...@#####
................w#
........#######..#
.##.###.# #..# .##.#
#.# #..# .##.# #.#
#..# .##.###.# #..#
......... #... .#.#.#
.#


You could see a worm and an adder.

Vanquished Creatures
  An adder (D:2)
  An ooze (D:1)
  A worm (D:2)
  2 dart slugs
  A leopard gecko (D:2)
  8 goblins
  5 hobgoblins
  3 kobolds
  4 frilled lizards
  2 rats
28 creatures vanquished.

Notes
Turn   | Place    | Note
-------+----------+-------------------------------------------
     0 | D:1      | Bergy the Gargoyle Fighter began the quest for the Orb.
     0 | D:1      | Reached XP level 1. HP: 14/14 MP: 1/1
   393 | D:1      | Reached XP level 2. HP: 19/19 MP: 2/2
   575 | D:1      | Reached skill level 3 in Maces & Flails
   923 | D:2      | Found a sparkling altar of Nemelex Xobeh.
   938 | D:2      | Reached XP level 3. HP: 21/23 MP: 3/3
   989 | D:2      | Found a shimmering altar of Xom.
   989 | D:2      | Found a shimmering altar of Xom.
   989 | D:2      | Found a shimmering altar of Xom.
   992 | D:2      | Found a shimmering altar of Xom.
   992 | D:2      | Found a shimmering altar of Xom.
  1118 | D:2      | Reached skill level 4 in Maces & Flails
  1187 | D:2      | Slain by a worm

Levels and vault maps discovered:
D:1:      psy_arrival_heroes, layout_basic, serial_bayou_pond_e
D:2:      layout_loops_ring, nemelex_xobeh_ov_fountains_minmay, xom_redecorated

Skill      XL: |  1  2  3 |
---------------+----------+-----
Maces & Flails | 3 4 |  4.0
Fighting       | |  3.2
Armour         | |  3.2
Shields        | |  3.2

Action                   || total
-------------------------++-------
Melee: Flail             ||   105
  Eat: Chunk             ||     1
Armor: Scale mail        ||    49
Dodge: Dodged            ||    36
Block: Shield            ||    36
